 Dungeon Crawl Stone Soup version 0.30.0-29-ga12c61a403 (webtiles) character file.

Game seed: 264351336963986749

52 cheesebisquit the Ruffian (level 3, -2/36 HPs)
             Began as a Troll Fighter on June 11, 2023.
             Slain by an orc
             ... wielding a +0 flail
              (6 damage)
             ... on level 3 of the Dungeon.
             The game lasted 00:05:04 (1627 turns).

cheesebisquit the Ruffian (Troll Fighter)           Turns: 1627, Time: 00:05:05

Health: -2/36      AC:  4    Str: 24    XL:     3   Next: 60%
Magic:  2/2        EV:  8    Int:  6    God:
Gold:   6          SH:  7    Dex:  9    Spells: 2/2 levels left

rFire   . .          .
                       - Unarmed
rCold   . . .        b - +0 kite shield
rNeg    . . .        a - +0 robe
rPois   .            (helmet restricted)
rElec   .            (no cloak)
rCorr   .            (gloves unavailable)
SInv    .            (boots unavailable)
Will    .....        (no amulet)
Stlth   +            (no ring)
HPRegen 1.06/turn    (no ring)
MPRegen 0.08/turn

%: no passive effects
@: hasted, invisible, very quick
A: large, unfitting armour, claws 3, regeneration 1, shaggy fur 1, tough skin 1
a: no special abilities


You were on level 3 of the Dungeon.
You visited 1 branch of the dungeon, and saw 3 of its levels.

You collected 158 gold pieces.
You spent 152 gold pieces at shops.

Inventory:

Missiles
 o - 4 poisoned darts
 q - 3 boomerangs (quivered)
Armour
 a - a +0 robe (worn)
 b - a +0 kite shield (worn)
Scrolls
 d - a scroll of silence
 e - 2 scrolls of brand weapon
 g - a scroll of poison
 k - a scroll of enchant weapon {unknown}
 l - a scroll of teleportation {unknown}
 n - a scroll of torment {unknown}
 p - a scroll of fog {unknown}
 s - a scroll of fear {unknown}
Potions
 c - 2 potions of might
 f - a potion of degeneration
 h - a potion of resistance
 i - 2 potions of lignification
 j - a potion of haste
 r - a potion of flight


   Skills:
 + Level 2.8 Fighting
 - Level 2.4 Dodging
 + Level 3.1 Shields
 * Level 3.2 Unarmed Combat


You had 2 spell levels left.
You didn't know any spells.
Your spell library was empty.

Dungeon Overview and Level Annotations

Branches:
Dungeon (3/15)

Altars:

Shops:
D:3 ??

Annotations:
D:3 1 runed translucent door, Sabo's ghost, amateur DsGl


Innate Abilities, Weirdness & Mutations

You are too large for most types of armour.
You have claws for hands.
Your natural rate of healing is unusually fast.
You are covered in fur. (AC +1)
You have tough skin. (AC +1)


Message History

Sabo's ghost turns its malevolent gaze towards you.
Found a runed translucent door.
An orc comes into view. It is wielding a +0 flail.
An orc is nearby!
An orc is nearby!
Found a stone staircase leading up.
An orc and an orc priest come into view.
The orc shouts!
The orc priest shouts!
The orc shouts!
The orc throws a stone.
The stone hits you but does no damage.
An orc comes into view. It is wielding a +0 hand axe.
You barely miss the orc. The orc hits you with a +0 short sword.
You barely miss the orc.
A scorpion comes into view.
You block the orc's attack.
You scratch the orc but do no damage. The orc hits you with a +0 short sword.
You scratch the orc priest.
The orc priest is heavily wounded.
The orc hits you with a +0 flail. The orc priest barely misses you.
The orc hits you with a +0 short sword.
You barely miss the orc priest.
The orc priest is heavily wounded.
The orc barely misses you. x2
The orc priest calls down the wrath of Beogh upon you.
Beogh smites you! The orc hits you with a +0 short sword.
Okay, then.
You fade into invisibility!
The orc hits you with a +0 hand axe!
* * * LOW HITPOINT WARNING * * *
You block the orc's attack. The orc priest completely misses you.
The orc closely misses you.
You feel yourself speed up. The orc barely misses you. x2
The orc priest hits you with a +0 dagger.
* * * LOW HITPOINT WARNING * * *
You block the orc's attack.
You closely miss the orc.
The scorpion stings you but does no damage.
The orc hits you with a +0 hand axe.
* * * LOW HITPOINT WARNING * * *
The orc hits you with a +0 flail.
You die...

### ######.. #.# #..
........ #.# #.#
######.. #.#
#.#########. #.#
#........... #.#
#.#######... # #.#
#.........##
##.##.###.###.#########
#.....o@o...#.#
..#.<.oos.....#
#.......#+#...#
##.#...##W##...#
......##...##....
#.#..##.....##...#
#....#⌠.?♣!.⌠#...#
##..##.....##...#
.##...##....#


You could see a scorpion (unable to see you), an orc priest (unable to see you),
Sabo's ghost (unable to see you) and 3 orcs.

Vanquished Creatures
  2 adders (D:2)
  2 worms (D:2)
  A dart slug (D:2)
  An orc (D:3)
  2 ball pythons
  3 endoplasms
  A giant cockroach (D:1)
  2 hobgoblins
  4 kobolds
  A quokka (D:2)
  2 bats
  A frilled lizard (D:3)
  2 goblins
  A rat (D:3)
25 creatures vanquished.

Notes
Turn   | Place    | Note
-------+----------+-------------------------------------------
     0 | D:1      | cheesebisquit the Troll Fighter began the quest for the
                  | Orb.
     0 | D:1      | Reached XP level 1. HP: 22/22 MP: 0/0
   782 | D:2      | Reached XP level 2. HP: 29/29 MP: 1/1
  1011 | D:2      | Reached XP level 3. HP: 36/36 MP: 2/2
  1116 | D:2      | Found a faded altar of an unknown god.
  1337 | D:3      | Found Yhauf's Magic Scroll Emporium.
  1343 | D:3      | Bought a scroll of identify for 28 gold pieces
  1343 | D:3      | Bought a scroll of identify for 28 gold pieces
  1343 | D:3      | Bought a scroll of identify for 28 gold pieces
  1343 | D:3      | Bought a scroll of identify for 28 gold pieces
  1353 | D:3      | Found Hyamisun's Magic Scroll Shop.
  1579 | D:3      | Bought a scroll of identify for 20 gold pieces
  1579 | D:3      | Bought a scroll of identify for 20 gold pieces
  1609 | D:3      | Noticed Sabo's ghost (amateur DsGl)
  1612 | D:3      | Found a runed translucent door.
  1621 | D:3      | Noticed a scorpion
  1627 | D:3      | Slain by an orc

Illustrated notes

Levels and vault maps discovered:
D:1:      elethiomel_arrival_shortcut, layout_basic
D:2:      layout_loops_ring, ebering_ecumenical_altar_mist, grunt_decor_junction
D:3:      cheibrodos_greedy_goblins, layout_loops_ring, slow_altar_1,
          hellmonk_ghost_happy_afterlife, serial_shops,
          nicolae_shop_tiny_real_fake_doors, shop, uniq_jessica, uniq_grinder

Skill      XL: |  1  2  3 |
---------------+----------+-----
Shields        | 3 |  3.1
Unarmed Combat | 3 |  3.2
Fighting       | |  2.8
Dodging        | |  2.4

Action                     || total
---------------------------++-------
  Melee: Unarmed           ||    67
    Use: Scroll            ||     9
         Potion            ||     2
 Armour: Robe              ||     9
  Dodge: Dodged            ||    23
  Block: Kite shield       ||    19
